 Dungeon Crawl Stone Soup version 0.19.0-22-gd96e5fe (webtiles) character file.

43 equalderp2856 the Scratcher (level 3, -1/17 HPs)
             Began as a Felid Fighter on Nov 19, 2016.
             Slain by an adder (3 damage)
             ... on level 2 of the Dungeon.
             The game lasted 00:04:24 (1415 turns).

equalderp2856 the Scratcher (Felid Fighter)         Turns: 1415, Time: 00:04:24

Health: -1/17      AC:  1    Str: 13    XL:     3   Next: 37%
Magic:  4/4        EV: 19    Int:  9    God:
Gold:   32         SH:  0    Dex: 15    Spells: 0 memorised, 2 levels left
                                        Lives:  0   Deaths: 0

rFire  . . .     SeeInvis +       - Unarmed
rCold  . . .     Gourm    .     (armour unavailable)
rNeg   . . .     Faith    .     (shield unavailable)
rPois  .         Spirit   .     (helmet unavailable)
rElec  .         Reflect  .     (cloak unavailable)
rCorr  .         Harm     .     (gloves unavailable)
MR     .....                    (boots unavailable)
Stlth  ++........               (no amulet)
                                (no ring)
                                (no ring)

@: quick
A: no armour, no weapons or thrown items, stealth, claws 1, fangs 3, see
invisible, carnivore 3, speed 1, shaggy fur 1, slow metabolism 1, sharp paws
a: no special abilities


You were on level 2 of the Dungeon.
You were full.

You visited 1 branch of the dungeon, and saw 2 of its levels.

You collected 32 gold pieces.

Inventory:

Missiles
 f - 15 poisoned needles
Scrolls
 e - a scroll of remove curse {unknown}
 g - a scroll of enchant weapon {unknown}
 i - a scroll of teleportation {unknown}
 j - 2 scrolls of identify {unknown}
 k - 3 scrolls of immolation {unknown}
Potions
 a - a potion of might
 c - a potion of heal wounds {unknown}
 d - a potion of berserk rage {unknown}
Comestibles
 b - a meat ration
 h - a beef jerky


   Skills:
 + Level 3.5 Fighting
 + Level 4.2 Dodging
 + Level 1.7 Stealth
 + Level 4.4 Unarmed Combat


You had 2 spell levels left.
You didn't know any spells.

Dungeon Overview and Level Annotations

Branches:
Dungeon (2/15)

Altars:


Innate Abilities, Weirdness & Mutations

You cannot wear armour.
You are incapable of wielding weapons or throwing items.
Your paws allow you to move quietly. (Stealth)
You have sharp claws.
You have razor-sharp teeth.
You have supernaturally acute eyesight. (SInv)
You are carnivorous and can eat meat at any time.
You cover ground quickly.
You are covered in fur. (AC +1)
You have a slow metabolism.
Your sharp claws are effective at attacking unaware monsters.


Message History

You completely miss the adder.
The adder is lightly wounded.
The adder barely misses you.
You miss the adder.
The adder is lightly wounded.
The adder bites you.
You closely miss the adder.
The adder is lightly wounded.
The adder completely misses you. x2
You scratch the adder. Your bite misses the adder.
The adder is moderately wounded.
The adder completely misses you.
You closely miss the adder. You bite the adder, but do no damage.
The adder is moderately wounded.
The adder bites you.
* * * LOW HITPOINT WARNING * * *
You closely miss the adder.
The adder is moderately wounded.
The adder bites you.
You die...

#....# #...... #....#
###†##### #....#
#.....#.# #....#
#.....#.. #....#
#.....#.# #....#
#.[......
###'##...>.#.###.#..
#.##.....#g#......
#@##.....#.#...#..
#S##.....#.#......
#.##.....#.#.<....
#r##r....#g#...###
#######(#......#g#....
...............#.##..###
........(.#.#.##.##.....
..........#.# #.##.##.#
?...........# #.##.....


You could see an adder and a rat.

Vanquished Creatures
  An adder (D:2)
  2 dart slugs
  6 bats
  A giant cockroach (D:1)
  2 goblins
  5 hobgoblins
  6 kobolds
  4 frilled lizards
  2 rats (D:1)
29 creatures vanquished.

Notes
Turn   | Place    | Note
-------+----------+-------------------------------------------
     0 | D:1      | equalderp2856 the Felid Fighter began the quest for the Orb.
     0 | D:1      | Reached XP level 1. HP: 10/10 MP: 2/2
   232 | D:1      | Reached XP level 2. HP: 13/14 MP: 3/3
   828 | D:1      | Reached skill level 1 in Stealth
  1036 | D:2      | Reached XP level 3. HP: 17/17 MP: 4/4
  1415 | D:2      | Slain by an adder

Skill      XL: |  1  2 |
---------------+-------+-----
Stealth        | 1 |  1.7
Fighting       | |  3.5
Dodging        | |  4.2
Unarmed Combat | |  4.4

Action                   || total
-------------------------++-------
Melee: Unarmed           ||    75
       Bite              ||     8
 Stab: Sleeping          ||     4
  Eat: Chunk             ||     4
Armor: Skin              ||     6
Dodge: Dodged            ||    99
